 Dungeon Crawl Stone Soup version 0.28.0-53-g5a82cb258f (webtiles) character file.

Game seed: 1692478313610340441

101618 SanguineChosen the Severer (level 16, -1/105 HPs)
             Began as a Gargoyle Fighter on July 6, 2022.
             Was a High Priest of Trog.
             Shot with an arrow by a satyr (4 damage)
             ... on level 3 of the Shoals on July 7, 2022.
             The game lasted 02:52:41 (25918 turns).

SanguineChosen the Severer (Gargoyle Fighter)      Turns: 25918, Time: 02:52:41

Health: -1/105     AC: 37    Str: 28    XL:     16   Next: 31%
Magic:  16/16      EV: 10    Int:  9    God:    Trog [*****.]
Gold:   2122       SH:  0    Dex: 13    Spells: 15/15 levels left

rFire   . . .      SeeInvis .   h - +8 frozen axe "Frostbite" {freezing cloud, *Noise Fly rC+}
rCold   + + .      Faith    .   (shield currently unavailable)
rNeg    + . .      Spirit   .   y - +4 scale mail {rC+}
rPois   ∞          Reflect  .   v - +2 hat of Levity {rCorr}
rElec   +          Harm     .   m - +2 cloak
rCorr   +          Rampage  ∞   t - +1 pair of gloves of Duty {+Inv Dex+4 Stlth+}
Will    .....                   w - +3 pair of seven-league boots {Rampage+∞}
Stlth   ++........              A - amulet of the acrobat
HPRegen 0.27/turn               (no ring)
MPRegen 0.15/turn               (no ring)

@: about to teleport, weak-willed, flying
A: sickness immunity, AC +12, big wings, negative energy resistance 1,
electricity resistance, torment resistance 1, petrification resistance
a: Renounce Religion, Evoke Invisibility, Berserk, Trog's Hand, Brothers in Arms


You were on level 3 of the Shoals.
You worshipped Trog.
Trog was extremely pleased with you.
You visited 5 branches of the dungeon, and saw 21 of its levels.

You collected 2122 gold pieces.

Inventory:

Hand Weapons
 d - a +4 vorpal great mace
 e - a +7 trident of protection
 h - the +8 frozen axe "Frostbite" (weapon) {freezing cloud, *Noise Fly rC+}
   (You acquired it on level 1 of the Dungeon)

   It freezes those it strikes, dealing additional cold damage.
   It can also slow down cold-blooded creatures.
   It occasionally leaves clouds of freezing vapour upon striking a foe.
   It grants immunity to clouds of freezing vapour.
   rC:        It protects you from cold.
   Fly:       It grants you flight.
   *Noise:    It may make noises in combat.
 i - a +4 vorpal eveningstar
 B - the +9 hand axe of Disgust {spect, rN+}
   (You found it on level 5 of the Dungeon)

   When its wielder attacks, the weapon's spirit leaps out and strikes again.
   The spirit shares a part of any damage it takes with its wielder.
   rN:        It protects you from negative energy.
 L - a +5 hand axe
 M - the +6 great sword of Uncomfortable Rashes {venom, *Corrode rF+ rC++ Str+4}
   (You found it on level 3 of the Shoals)

   It poisons the flesh of those it strikes.
   Str:       It affects your strength (+4).
   rF:        It protects you from fire.
   rC:        It greatly protects you from cold.
   *Corrode:  It may corrode you when you take damage.
 O - a +5 war axe of protection
 S - the +5 long sword "Ifrokoze" {drain, rN+ rCorr MP-9 SInv}
   (You found it on level 3 of the Shoals)

   A truly terrible weapon, it drains the life of any living foe it strikes.
   rN:        It protects you from negative energy.
   MP:        It affects your magic capacity (-9).
   SInv:      It lets you see invisible.
   rCorr:     It protects you from acid and corrosion.
Missiles
 F - 7 atropa-tipped darts
 I - 7 curare-tipped darts
 K - 27 poisoned darts (quivered)
 W - 2 throwing nets
Armour
 c - a +0 buckler
 k - a +0 helmet
 m - a +2 cloak (worn)
 t - the +1 pair of gloves of Duty (worn) {+Inv Dex+4 Stlth+}
   (You acquired it on level 6 of the Dungeon)

   Dex:       It affects your dexterity (+4).
   +Inv:      It lets you turn invisible.
   Stlth:     It makes you more stealthy.
 v - the +2 hat of Levity (worn) {rCorr}
   (You found it on level 1 of the Shoals)

   rCorr:     It protects you from acid and corrosion.
 w - the +3 pair of seven-league boots (worn) {Rampage+∞}
   (You acquired it on level 8 of the Dungeon)

   Its wearer moves as far as possible in that direction when moving towards
   enemies.
 x - a scarf of invisibility
 y - a +4 scale mail of cold resistance (worn)
Jewellery
 a - a ring of resist corrosion
 A - an amulet of the acrobat (around neck)
 G - a ring of fire
 J - a +6 ring of intelligence
Wands
 z - a wand of charming (2)
 P - a wand of digging (4)
 T - a wand of paralysis (3)
Scrolls
 b - a scroll of amnesia {unknown}
 g - a scroll of acquirement
 j - a scroll of blinking {unknown}
 n - 4 scrolls of noise {unknown}
 q - a scroll of brand weapon
 r - 4 scrolls of fog
 s - 4 scrolls of enchant armour {unknown}
 u - 3 scrolls of enchant weapon
 E - a scroll of summoning
 H - a scroll of identify
 N - 2 scrolls of magic mapping {unknown}
 R - 2 scrolls of holy word {unknown}
 U - 2 scrolls of teleportation
 V - a scroll of fear {unknown}
Potions
 f - 3 potions of berserk rage
 o - a potion of lignification {unknown}
 p - a potion of haste
 C - 2 potions of attraction {unknown}
 D - 2 potions of mutation {unknown}
 Q - 4 potions of ambrosia


   Skills:
 + Level 13.8 Fighting
 + Level 19.8(20.4) Axes
 + Level 9.0(16.4) Maces & Flails
 + Level 3.7 Throwing
 + Level 11.3 Armour
 - Level 1.3 Dodging
 + Level 3.9 Stealth
 - Level 3.7 Shields
 + Level 0.3 Evocations


You had 15 spell levels left.
You didn't know any spells.
Your spell library contained the following spells:

 Spells                   Type           Power      Damage    Failure   Level
 Slow                     Hex            0%         N/A       58%         1
 Confusing Touch          Hex            0%         N/A       92%         3
 Vampiric Draining        Necr           0%         2d6       92%         3


Dungeon Overview and Level Annotations

Branches:
Dungeon (9/15)             Temple (1/1) D:4            Lair (6/6) D:9
 Shoals (4/4) Lair:2       Spider (0/4) Lair:3        Slime (1/5) Lair:5
    Orc: D:9-12

Altars:
Ashenzari
Cheibriados
Dithmenos
Elyvilon
Fedhas
Gozag
Hepliaklqana
Kikubaaqudgha
Makhleb
Nemelex Xobeh
Okawaru
Qazlal
Ru
Sif Muna
Trog
Uskayaw
Vehumet
Wu Jian
Xom
Yredelemnul
Zin
The Shining One


Innate Abilities, Weirdness & Mutations

You are immune to sickness and miasma.
Your stone body is resilient. (AC +12)
You are immune to poison.
Your large and strong wings let you fly.
You resist negative energy. (rN+)
You are resistant to electric shocks. (rElec)
You are resistant to unholy torment.
You are immune to petrification.


Message History

The water elemental misses you.
The faun shoots a stone.
The stone barely misses you.
The faun unwields a +0 quarterstaff.
The faun wields a +0 hunting sling.
The faun shoots a sling bullet.
The sling bullet hits you but does no damage.
The faun shoots a stone.
The stone hits you but does no damage.
You stride towards the faun!
You hit the faun. You freeze the faun.
The faun is lightly wounded.
You slash the satyr! You freeze the satyr. You slice the harpy!!
You freeze the harpy.
You kill the harpy!
Trog accepts your kill.
You hit the merfolk. You freeze the merfolk. The merfolk misses you.
The faun unwields a +0 hunting sling.
The faun wields a +0 club.
The faun closely misses you.
The satyr shoots an arrow.
The arrow hits you!! The arrow burns you! The merfolk completely misses you.
The satyr shoots an arrow.
The arrow hits you! The arrow burns you.
There is a stone staircase leading up here.
The faun hits you but does no damage. The water elemental hits you.
The water elemental engulfs you in water!
The merfolk hits you with a +0 trident!
The satyr shoots an arrow.
The arrow hits you!!
* * * LOW HITPOINT WARNING * * *
The arrow burns you!
* * * LOW HITPOINT WARNING * * *
You fly upwards.
The water engulfing you falls away.
There is a stone staircase leading down here.
The faun unwields a +0 club.
The faun wields a +0 hunting sling.
The faun shoots a stone.
The stone completely misses you. The merfolk barely misses you.
Things that are here:
15 arrows; a +1 spear of venom; a +0 longbow
As you read the scroll of teleportation, it crumbles to dust.
You feel strangely unstable. The water elemental barely misses you.
The merfolk closely misses you.
Your two-headed ogre goes berserk!
The faun unwields a +0 hunting sling.
The faun wields a +0 club.
The faun hits you but does no damage. The water elemental barely misses you.
The merfolk closely misses you.
The satyr shoots an arrow.
The arrow hits you.
You die...

≈≈≈≈≈≈≈P≈≈≈≈≈........≈≈♣.≈....[≈≈
≈≈≈P≈≈PPPPP...P.PP....≈≈.≈.....≈≈
≈≈≈P≈.PPPPP............≈.......≈≈
≈≈≈P≈≈.≈PPP................)≈≈≈≈≈
≈≈≈≈≈≈≈≈P≈≈..###...........≈≈≈≈≈≈
≈≈≈≈≈≈....P...##...........≈≈≈≈≈≈
≈P≈≈≈≈........P............≈≈≈≈≈≈
≈≈P≈≈≈..##...)m>Ec[........≈≈≈≈≈≈
≈≈≈≈PP.###....≈c@...........≈≈≈≈≈
≈PP≈PP.###...<.)≈O[.(.......≈≈≈≈≈
≈≈PP≈PP........)(...........≈≈≈≈≈
.≈≈≈≈P..#...###............(≈≈≈≈.
..≈≈≈≈<.#..###...≈..........≈≈..≈
≈.≈≈≈≈.P##..#..≈≈≈≈.........≈≈.≈.
≈≈≈≈≈≈P.P......≈≈≈≈≈........≈≈≈≈.
≈≈≈≈≈(.........≈≈≈≈≈≈......≈≈≈≈.≈
≈≈≈≈≈≈....#...≈...≈≈≈≈≈≈≈≈≈≈≈≈≈≈≈


You could see a satyr (ally target), a merfolk (poisoned), a faun (strong), a
water elemental and a friendly two-headed ogre (summoned, berserk).

Vanquished Creatures
  Jorgrun (Shoals:1)
  2 dire elephants (Lair:6)
  The ghost of Stomo the Fighter, a journeyman DrMo of Qazlal (Lair:1)
  2 merfolk javelineers
  2 merfolk impalers
  An ice dragon (Lair:4)
  3 boulder beetles
  A merfolk avatar (Shoals:3)
  3 catoblepae
  6 hydras
  A centaur warrior (Shoals:1)
  4 alligator snapping turtles
  3 merfolk aquamancers
  2 two-headed ogres
  22 death yaks
  A tengu warrior (Shoals:3)
  A satyr (Shoals:3)
  Nergalle (Lair:1)
  9 sea snakes
  9 harpies
  Pikel (D:6)
  An ugly thing (D:8)
  A cyclops (Shoals:1)
  3 fauns
  9 manticores
  13 elephants
  3 merfolk sirens
  6 black mambas
  2 water nymphs (Shoals:1)
  2 torpor snails
  15 cane toads
  An unseen horror (D:6)
  5 rime drakes
  A tengu conjurer (Shoals:3)
  10 komodo dragons
  8 merfolk
  5 wind drakes
  A troll (D:6)
  12 polar bears
  Grinder (D:4)
  A queen bee (Lair:1)
  3 hornets
  20 blink frogs
  9 dream sheep
  A slime creature (Lair:5)
  5 snapping turtles
  A spriggan (Lair:2)
  A shadow (D:9)
  8 water elementals
  A wraith (D:6)
  29 yaks
  10 wyverns
  8 basilisks
  A redback (Lair:3)
  2 steam dragons
  4 wargs
  17 hell hounds (Lair:6)
  11 water moccasins
  2 sky beasts
  2 orc warriors
  A hornet zombie (D:7)
  4 ogres
  14 black bears
  2 necrophages
  42 wolves
  2 centaurs
  A phantom (D:5)
  5 kobold brigands
  A lemure (D:6)
  10 bullfrogs
  4 scorpions
  A water moccasin zombie (D:7)
  15 killer bees
  11 wights
  An electric eel (Lair:4)
  A centaur zombie (D:9)
  A jelly (D:5)
  A bullfrog skeleton (D:3)
  3 hounds
  An iguana (D:5)
  20 hell rats
  2 orc wizards
  A killer bee zombie (D:6)
  A hound skeleton (D:5)
  8 adders
  A shadow imp (D:6)
  4 white imps
  An ufetubus (D:7)
  An adder skeleton (D:2)
  2 worms
  5 dart slugs
  16 orcs
  5 bats
  4 endoplasms
  4 giant cockroaches
  4 goblins
  7 hobgoblins
  34 kobolds
  2 quokkas
  8 ball pythons
  3 frilled lizards
  17 rats
  2 butterflies (Lair:4)
584 creatures vanquished.

Vanquished Creatures (collateral kills)
  A satyr (Shoals:3)
  A faun (Shoals:3)
  An ogre (D:5)
  An orc wizard (D:5)
4 creatures vanquished.

Vanquished Creatures (others)
  A sea snake (Shoals:1)
  A harpy (Shoals:1)
  A shadow imp (D:7)
  39 fungi
  69 plants
111 creatures vanquished.

Grand Total: 699 creatures vanquished

Notes
Turn   | Place    | Note
-------+----------+-------------------------------------------
     0 | D:1      | SanguineChosen the Gargoyle Fighter began the quest for the
                  | Orb.
     0 | D:1      | Reached XP level 1. HP: 14/14 MP: 1/1
   193 | D:1      | Reached XP level 2. HP: 16/19 MP: 2/2
   365 | D:1      | Found a faded altar of an unknown god.
   420 | D:1      | Identified 3 scrolls of acquirement
   420 | D:1      | Acquired the +8 frozen axe "Frostbite" {freezing cloud,
                  | *Noise Fly rC+}
   420 | D:1      | Found the +8 frozen axe "Frostbite" {freezing cloud, *Noise
                  | Fly rC+}
   594 | D:1      | Reached XP level 3. HP: 23/23 MP: 3/3
  1088 | D:2      | Reached skill level 1 in Axes
  1118 | D:2      | Reached XP level 4. HP: 26/28 MP: 4/4
  1510 | D:3      | Reached skill level 2 in Axes
  1536 | D:3      | Reached XP level 5. HP: 30/33 MP: 5/5
  1631 | D:3      | Found an ancient bone altar of Kikubaaqudgha.
  1956 | D:3      | Reached skill level 3 in Axes
  2030 | D:4      | Noticed Grinder
  2040 | D:4      | Paralysed by Grinder for 3 turns
  2044 | D:4      | Killed Grinder
  2045 | D:4      | Reached skill level 4 in Axes
  2045 | D:4      | Reached XP level 6. HP: 23/38 MP: 6/6
  2221 | D:4      | Reached skill level 5 in Axes
  2221 | D:4      | Reached XP level 7. HP: 43/43 MP: 7/7
  2227 | D:4      | Found a staircase to the Ecumenical Temple.
  2257 | D:4      | Reached skill level 1 in Dodging
  2750 | D:4      | Reached skill level 6 in Axes
  2750 | D:4      | Reached skill level 1 in Stealth
  3217 | D:5      | Entered Level 5 of the Dungeon
  3229 | D:5      | Reached XP level 8. HP: 48/48 MP: 8/8
  3423 | D:5      | Identified the +9 hand axe of Disgust {spect, rN+}
  3528 | D:5      | Reached skill level 7 in Axes
  3821 | D:5      | Noticed a hornet
  3832 | D:5      | Killed a hornet
  3833 | D:5      | Reached skill level 8 in Axes
  3833 | D:5      | Reached skill level 5 in Armour
  4025 | D:5      | Found a broken altar of Ashenzari.
  4050 | D:5      | Reached XP level 9. HP: 50/53 MP: 9/9
  4373 | D:6      | Killed an unseen horror
  4374 | D:6      | Reached skill level 5 in Fighting
  4506 | D:6      | Noticed Pikel
  4514 | D:6      | Killed Pikel
  4515 | D:6      | Reached skill level 9 in Axes
  4529 | D:6      | Found a shadowy altar of Dithmenos.
  4613 | D:6      | Noticed a boulder beetle
  4617 | D:6      | Noticed a troll
  5088 | D:6      | Killed a troll
  5227 | D:6      | Reached skill level 10 in Axes
  5228 | D:6      | Killed a boulder beetle
  5229 | D:6      | Reached XP level 10. HP: 43/60 MP: 10/10
  5552 | D:6      | Found a glowing golden altar of the Shining One.
  5560 | D:6      | Found a blossoming altar of Fedhas.
  5564 | D:6      | Found a stormy altar of Qazlal.
  5589 | D:6      | Acquired the +1 pair of gloves of Duty {+Inv Dex+4 Stlth+}
  5706 | Temple   | Entered the Ecumenical Temple
  6108 | Temple   | Became a worshipper of Trog the Wrathful
  6435 | D:7      | Reached skill level 5 in Maces & Flails
  6648 | D:7      | Reached * piety under Trog
  7192 | D:8      | Noticed a green ugly thing
  7199 | D:8      | Killed a green ugly thing
  7200 | D:8      | Reached skill level 11 in Axes
  7543 | D:8      | Noticed a two-headed ogre
  7549 | D:8      | Killed a two-headed ogre
  7652 | D:8      | Acquired the +3 pair of seven-league boots {Rampage+∞}
  7652 | D:8      | Found the +3 pair of seven-league boots {Rampage+∞}
  7848 | D:8      | Reached XP level 11. HP: 61/66 MP: 11/11
  8047 | D:9      | Reached ** piety under Trog
  8048 | D:9      | Found a staircase to the Lair.
  8152 | D:9      | Reached skill level 12 in Axes
  8574 | D:9      | Noticed a two-headed ogre
  8589 | D:9      | Killed a two-headed ogre
  8590 | D:9      | Reached skill level 1 in Throwing
  8715 | Lair:1   | Entered Level 1 of the Lair of Beasts
  8931 | Lair:1   | Noticed Nergalle
  8938 | Lair:1   | Killed Nergalle
  9513 | Lair:1   | Reached *** piety under Trog
  9649 | Lair:1   | Found a white marble altar of Elyvilon.
  9694 | Lair:1   | Noticed Stomo's ghost (journeyman DrMo)
  9720 | Lair:1   | Found a transporter.
  9725 | Lair:1   | Found a transporter.
  9740 | Lair:1   | Noticed an eight-headed hydra
  9747 | Lair:1   | Killed an 11-headed hydra
 10023 | Lair:1   | Reached XP level 12. HP: 54/73 MP: 12/12
 10398 | Lair:1   | Killed Stomo's ghost
 10399 | Lair:1   | Reached skill level 13 in Axes
 10848 | Lair:2   | Reached **** piety under Trog
 11286 | Lair:2   | Noticed a four-headed hydra
 11306 | Lair:2   | Killed an eight-headed hydra
 11700 | Lair:2   | Found a staircase to the Shoals.
 11709 | Lair:2   | Reached skill level 14 in Axes
 12407 | Lair:3   | Reached XP level 13. HP: 70/80 MP: 13/13
 12931 | Lair:3   | Found a hole to the Spider Nest.
 13342 | Lair:3   | Reached skill level 15 in Axes
 13474 | Lair:4   | Reached skill level 10 in Fighting
 13657 | Lair:4   | Reached ***** piety under Trog
 13744 | Lair:4   | Received a gift from Trog
 13810 | Lair:4   | Noticed an ice dragon
 13841 | Lair:4   | Killed an ice dragon
 13849 | Lair:4   | Identified the +1 scale mail of Infinity {rC+ Int-5 Dex+5}
 13867 | Lair:4   | Reached skill level 16 in Axes
 14546 | Lair:4   | Gained mutation: Your large and strong wings let you fly.
                  | [Gargoyle growth]
 14546 | Lair:4   | Reached XP level 14. HP: 35/88 MP: 14/14
 15174 | Lair:5   | Found a staircase to the Slime Pits.
 15213 | Lair:5   | Identified the +4 chain mail of Luttaad {rPois}
 15862 | Lair:6   | Entered Level 6 of the Lair of Beasts
 16202 | Lair:5   | Reached skill level 10 in Armour
 16210 | Lair:5   | Reached skill level 17 in Axes
 16705 | Lair:6   | Noticed a dire elephant
 16727 | Lair:6   | Killed a dire elephant
 16727 | Lair:6   | Received a gift from Trog
 17682 | Lair:6   | Reached skill level 18 in Axes
 17692 | Lair:6   | Reached XP level 15. HP: 81/96 MP: 15/15
 17699 | Lair:6   | Received a gift from Trog
 18804 | Slime:1  | Entered Level 1 of the Pits of Slime
 19154 | Shoals:1 | Entered Level 1 of the Shoals
 20818 | Shoals:1 | Noticed Jorgrun
 20819 | Shoals:1 | Reached skill level 19 in Axes
 21321 | Shoals:1 | Killed Jorgrun
 21679 | Shoals:1 | Identified the +2 hat of Levity {rCorr}
 23037 | Shoals:3 | Reached XP level 16. HP: 75/104 MP: 16/16
 23250 | Shoals:3 | Identified the +6 great sword of Uncomfortable Rashes
                  | {venom, *Corrode rF+ rC++ Str+4}
 24330 | Shoals:3 | Identified the +5 long sword "Ifrokoze" {drain, rN+ rCorr
                  | MP-9 SInv}
 25903 | Shoals:4 | Entered Level 4 of the Shoals
 25914 | Shoals:4 | HP: 2/105 [satyr/arrow (11)]
 25918 | Shoals:3 | Shot with an arrow by a satyr

Illustrated notes

Levels and vault maps discovered:
D:1:      saegor_arrival_under_anarchy, layout_rooms,
          chequers_ecumenical_altar_simple, chequers_serial_rivers_small_3,
          minmay_stone_trees_medium, minmay_shallow_snake_nest
D:2:      minmay_chambers_of_ones, layout_rooms, kennysheep_generic_room_8
D:3:      layout_rooms, mainiacjoe_overflow_cross_hatched
D:4:      layout_basic, minmay_temple_entry_arrows, nrook_campfire,
          minmay_vboxes, uniq_grinder
D:5:      layout_loops_ring, lemuel_doored_altar
D:6:      minmay_cornered_nines, layout_loops_ring, minitemple,
          mainiacjoe_overflow_brackets, uniq_pikel
D:7:      layout_rooms, grunt_ministairs_9, minmay_checkerbox
D:8:      layout_rooms
D:9:      layout_basic, david_lair_generic
Temple:   eino_temple_rhombus
Lair:1:   layout_cave_pods, gammafunk_ghost_hive, basic_altar, uniq_nergalle
Lair:2:   layout_layer_cave, minmay_shoals_entry_beasts,
          grunt_forest_large_clearings
Lair:3:   layout_roguey, spider_nest_entry_a, minivault_25
Lair:4:   layout_loops_ring, special_room [special_room_mythical_zoo],
          bobbens_ice_dragon_lair, grunt_megastairs_2, serial_bayou_shore_a,
          serial_bayou_shore_b, lemuel_fruit_fields, serial_bayou_shore_b,
          lemuel_fruit_fields
Lair:5:   layout_gridlike, slime_dummy, kennysheep_abandoned_house,
          grunt_megastairs_4, infiniplex_staircase_pool
Lair:6:   hangedman_lair_caniforms_friends, layout_loops_ring,
          hangedman_lair_in_review, lemuel_fruit_tree
Shoals:1: layout_shoals, uniq_jorgrun
Shoals:2: cheibrodos_shoals_epimethial_gifts, layout_shoals
Shoals:3: layout_shoals, kb_tengu_band
Shoals:4: shoals_end_grunt_garden, layout_shoals, nicolae_shoals_this_corrosion
Slime:1:  layout_caves, nicolae_slime_phagocytosis

Skill      XL: |  1  2  3  4  5  6  7  8  9 10 11 12 13 14 15 |
---------------+----------------------------------------------+-----
Axes           | 1 2 4 5 6 8 10 11 12 14 16 18 19 | 19.8
Armour         | 4 5 6 7 8 9 10 11 | 11.3
Fighting       | 4 5 6 7 9 10 12 13 | 13.8
Dodging        | 1 |  1.3
Stealth        | 1 2 3 |  3.9
Maces & Flails | 4 6 7 8 9 |  9.0
Throwing       | 1 3 |  3.7
Shields        | |  3.7
Evocations     | |  0.3

Action                   |  1- 3 |  4- 6 |  7- 9 | 10-12 | 13-15 | 16-18 || total
-------------------------+-------+-------+-------+-------+-------+-------++-------
Melee: Flail             |    45 |       |       |       |       |       ||    45
       Executioner's axe |    31 |    62 |   127 |   331 |   685 |    78 ||  1314
Throw: Dart              |       |       |     1 |    18 |    26 |    37 ||    82
Invok: Trog's Hand       |       |       |       |       |     3 |     1 ||     4
       Brothers in Arms  |       |       |       |       |       |     1 ||     1
Evoke: Wand              |       |       |       |       |       |     1 ||     1
  Use: Scroll            |     1 |     2 |     3 |     9 |     6 |     2 ||    23
       Potion            |       |     2 |     3 |     6 |    11 |     4 ||    26
 Stab: Distracted        |       |       |       |     1 |       |       ||     1
       Sleeping          |       |       |       |       |     3 |       ||     3
       Petrified         |       |       |       |       |     4 |       ||     4
Armor: Scale mail        |    50 |    60 |    90 |   368 |   551 |   119 ||  1238
Dodge: Dodged            |    33 |    48 |    95 |   323 |   479 |   176 ||  1154
Block: Buckler           |    10 |       |       |       |       |       ||    10
